 Dungeon Crawl Stone Soup version 0.27.0-1-g7a089689b8 (webtiles) character file.

Game seed: 17649096509507156795

5326 sasquatch the Grappler (level 10, -5/104 HPs)
             Began as a Troll Monk on Aug 2, 2021.
             Was a Priest of Makhleb.
             Killed from afar by a steam dragon (10 damage)
             ... with a ball of steam
             ... on level 7 of the Dungeon.
             The game lasted 00:11:16 (5872 turns).

sasquatch the Grappler (Troll Monk)                 Turns: 5872, Time: 00:11:17

Health: -5/104     AC:  5    Str: 24    XL:     10   Next: 38%
Magic:  9/9        EV: 10    Int:  6    God:    Makhleb [***...]
Gold:   310        SH:  0    Dex: 12    Spells: 9/9 levels left

rFire    . . .     SeeInvis .     - Unarmed
rCold    . . .     Faith    .   (no shield)
rNeg     + . .     Spirit   .   v - +0 robe of the Thinker {rElec rN+ rCorr Stlth+}
rPois    +         Reflect  .   (helmet restricted)
rElec    +         Harm     .   C - +0 cloak {rPois}
rCorr    +         Rampage  .   (gloves unavailable)
Will     .....                  (boots unavailable)
Stlth    +++.......             (no amulet)
HPRegen  1.27/turn              (no ring)
MPRegen  0.11/turn              (no ring)

@: studying Crossbows
A: large, unfitting armour, claws 3, regeneration 1, shaggy fur 1, tough skin 1
a: Renounce Religion, Minor Destruction, Lesser Servant of Makhleb


You were on level 7 of the Dungeon.
You worshipped Makhleb.
Makhleb was most pleased with you.
You visited 2 branches of the dungeon, and saw 8 of its levels.
You also visited: Sewer.

You collected 310 gold pieces.

Inventory:

Hand Weapons
 u - a +2 dagger of draining
 F - the +8 whip "Doithreck" {antimagic, rElec Int+4}
   (You found it on level 6 of the Dungeon)

   It reduces the magical energy of the wielder, and disrupts the spells and
   magical abilities of those it strikes.
   Natural abilities and divine invocations are not affected.
   Int:       It affects your intelligence (+4).
   rElec:     It insulates you from electricity.
Missiles
 h - 44 poisoned darts (quivered)
Armour
 v - the +0 robe of the Thinker (worn) {rElec rN+ rCorr Stlth+}
   (You found it on level 4 of the Dungeon)

   rElec:     It insulates you from electricity.
   rN:        It protects you from negative energy.
   rCorr:     It protects you from acid and corrosion.
   Stlth:     It makes you more stealthy.
 B - a +1 robe of willpower
 C - a +0 cloak of poison resistance (worn)
 H - +0 steam dragon scales
Jewellery
 k - a ring of fire
 D - an amulet of guardian spirit
Wands
 r - a wand of digging (5)
 s - a wand of paralysis (8)
 t - a wand of mindburst (11)
 w - a wand of polymorph (6)
 z - a wand of flame (44)
 E - a wand of acid (6)
 I - a wand of iceblast (6)
Scrolls
 a - 2 scrolls of fear {unknown}
 c - 4 scrolls of enchant armour {unknown}
 f - 4 scrolls of amnesia {unknown}
 g - 4 scrolls of blinking {unknown}
 j - 2 scrolls of enchant weapon {unknown}
 l - a scroll of brand weapon {unknown}
 m - a scroll of fog {unknown}
 o - 2 scrolls of teleportation {unknown}
 y - a scroll of noise {unknown}
 A - a scroll of identify {unknown}
 G - a scroll of magic mapping {unknown}
Potions
 b - 4 potions of mutation {unknown}
 d - 2 potions of heal wounds
 e - a potion of invisibility {unknown}
 i - 4 potions of might {unknown}
 n - 2 potions of brilliance {unknown}
 p - 5 potions of flight
 q - 5 potions of curing
 x - 3 potions of cancellation {unknown}


   Skills:
 + Level 7.9 Fighting
 - Level 2.4 Dodging
 - Level 1.0 Stealth
 * Level 12.6 Unarmed Combat


You had 9 spell levels left.
You didn't know any spells.
Your spell library contained the following spells:

 Spells                   Type           Power      Damage    Failure   Level
 Shock                    Conj/Air       0%         1d3       45%         1
 Slow                     Hex            0%         N/A       58%         2
 Confusing Touch          Hex            0%         N/A       83%         3
 Swiftness                Air            0%         N/A       83%         3
 Vampiric Draining        Necr           0%         2d6       83%         3
 Airstrike                Air            0%         N/A       99%         4


Dungeon Overview and Level Annotations

Branches:
Dungeon (7/15)             Temple (1/1) D:4           Sewer (visited)

Altars:
Cheibriados
Dithmenos
Elyvilon
Gozag
Makhleb
Okawaru
Ru
Sif Muna
Vehumet
Yredelemnul
The Shining One

Shops:
D:7 :


Innate Abilities, Weirdness & Mutations

You are too large for most types of armour.
You have claws for hands.
Your natural rate of healing is unusually fast.
You are covered in fur. (AC +1)
You have tough skin. (AC +1)


Message History

The ball of steam misses you.
The ball of steam hits something.
Something hits you. x2
Something hits you.
You mangle something!! Something hits you!
* * * LOW HITPOINT WARNING * * *
Something hits you but does no damage. Something hits you.
* * * LOW HITPOINT WARNING * * *
Something hits you but does no damage. Something hits you.
* * * LOW HITPOINT WARNING * * *
Something hits you!
* * * LOW HITPOINT WARNING * * *
Something hits you!
* * * LOW HITPOINT WARNING * * *
You feel much better.
A demon appears!
Something hits you. The steam dragon breathes steam at you.
The ball of steam hits your orange demon!!
The ball of steam hits you!
* * * LOW HITPOINT WARNING * * *
Something hits you!
* * * LOW HITPOINT WARNING * * *
Something hits you.
* * * LOW HITPOINT WARNING * * *
Something hits you but does no damage. x2
Your orange demon is engulfed in a cloud of scalding steam.
There is an open door here.
Something hits you.
* * * LOW HITPOINT WARNING * * *
You barely miss something. Something hits you!
* * * LOW HITPOINT WARNING * * *
Okay, then.
Something hits you!
* * * LOW HITPOINT WARNING * * *
Something hits your orange demon.
Your orange demon dies!
The steam dragon breathes steam at you. The ball of steam hits you!
You die...

.......#.#.D)..#D§§#.........##..
.............###.§.#.........##.#
....)............§4§§..).>......#
......###..?.#######.#.#######..#
......# #.>..#######.#.#### #...
......# #..........D........ ..
.....## #..#......§.........
.#+#..........###§#####+#### .#
####..#..#.@...# #..#..###.### #.
#..'..#..+ ......###.### ..
##..#(...)# # ###'### #. #..#
##..###..##.# ....'..#..'# .+


There were no monsters in sight!

Vanquished Creatures
  A cyclops (D:7)
  Joseph (D:7)
  A gargoyle (D:7)
  Maggie (D:7)
  Prince Ribbit (D:5)
  A slime creature (D:7)
  Grinder (D:5)
  A wraith (D:7)
  Eustachio (D:6)
  A steam dragon (D:7)
  Edmund (D:4)
  Duvessa (D:5)
  2 water moccasins (D:6)
  3 necrophages
  2 ice beasts (D:7)
  A sky beast (D:7)
  3 ogres
  2 centaurs (D:7)
  2 phantoms
  Blork the orc (D:4)
  3 kobold brigands
  A bullfrog (D:7)
  Dowan (D:5)
  A water moccasin zombie (D:6)
  4 killer bees (D:7)
  A howler monkey (D:7)
  A centaur zombie (D:6)
  3 hounds
  2 bullfrog zombies (D:5)
  Crazy Yiuf (D:5)
  3 centaur skeletons
  3 iguanas
  Ijyb (D:3)
  7 orc wizards
  A howler monkey zombie (D:7)
  A howler monkey skeleton (D:6)
  7 adders
  3 river rats
  2 shadow imps
  A white imp (D:7)
  4 ufetubi
  An adder zombie (D:5)
  An adder skeleton (D:4)
  4 dart slugs
  26 orcs
  4 ball pythons
  8 endoplasms
  4 giant cockroaches
  8 goblins
  9 hobgoblins
  13 jackals
  A quokka (D:1)
  9 bats
  A frilled lizard (D:3)
  15 kobolds
  6 rats
189 creatures vanquished.

Notes
Turn   | Place    | Note
-------+----------+-------------------------------------------
     0 | D:1      | sasquatch the Troll Monk began the quest for the Orb.
     0 | D:1      | Reached XP level 1. HP: 22/22 MP: 0/0
    81 | D:1      | Reached XP level 2. HP: 29/29 MP: 1/1
   215 | D:1      | Reached XP level 3. HP: 36/36 MP: 2/2
   585 | D:2      | Reached skill level 4 in Unarmed Combat
   801 | D:2      | Reached XP level 4. HP: 42/45 MP: 3/3
  1424 | D:3      | Found a glowing drain.
  1452 | Sewer    | Entered a sewer
  1528 | Sewer    | Noticed a kobold brigand
  1539 | Sewer    | Killed a kobold brigand
  1540 | Sewer    | Reached skill level 5 in Unarmed Combat
  1540 | Sewer    | Reached XP level 5. HP: 36/53 MP: 4/4
  1571 | Sewer    | Found a white marble altar of Elyvilon.
  1897 | D:3      | Noticed Ijyb
  1927 | D:3      | Killed Ijyb
  2038 | D:3      | Reached XP level 6. HP: 52/62 MP: 5/5
  2041 | D:3      | Reached skill level 6 in Unarmed Combat
  2550 | D:4      | Found a staircase to the Ecumenical Temple.
  2601 | Temple   | Entered the Ecumenical Temple
  2607 | Temple   | Became a worshipper of Makhleb the Destroyer
  2607 | Temple   | Reached * piety under Makhleb
  2607 | Temple   | Reached ** piety under Makhleb
  2664 | D:4      | Noticed Blork the orc
  2671 | D:4      | Killed Blork the orc
  2672 | D:4      | Reached skill level 7 in Unarmed Combat
  2672 | D:4      | Reached XP level 7. HP: 37/71 MP: 6/6
  2761 | D:4      | Identified the +0 robe of the Thinker {rElec rN+ rCorr
                  | Stlth+}
  3039 | D:4      | Noticed Edmund
  3051 | D:4      | Killed Edmund
  3127 | D:5      | Entered Level 5 of the Dungeon
  3298 | D:5      | Noticed Prince Ribbit
  3332 | D:5      | Reached skill level 8 in Unarmed Combat
  3344 | D:5      | Killed Prince Ribbit
  3345 | D:5      | Reached skill level 5 in Fighting
  3345 | D:5      | Reached XP level 8. HP: 77/80 MP: 7/7
  3450 | D:5      | Noticed Grinder
  3450 | D:5      | Paralysed by Grinder for 7 turns
  3468 | D:5      | Killed Grinder
  3469 | D:5      | Reached skill level 9 in Unarmed Combat
  3736 | D:5      | Found a runed translucent door.
  3737 | D:5      | Noticed Crazy Yiuf
  3884 | D:5      | Noticed Duvessa
  3884 | D:5      | Noticed Dowan
  3893 | D:5      | Killed Duvessa
  3898 | D:5      | Killed Dowan
  4034 | D:5      | Killed Crazy Yiuf
  4187 | D:6      | Reached skill level 10 in Unarmed Combat
  4288 | D:6      | Found a white marble altar of Elyvilon.
  4289 | D:6      | Found an opulent altar of Gozag.
  4305 | D:6      | Found a snail-covered altar of Cheibriados.
  4315 | D:6      | Found a shadowy altar of Dithmenos.
  4316 | D:6      | Found a glowing golden altar of the Shining One.
  4398 | D:6      | Reached XP level 9. HP: 88/89 MP: 8/8
  4469 | D:6      | Reached *** piety under Makhleb
  4700 | D:6      | Noticed Eustachio
  4709 | D:6      | Killed Eustachio
  4990 | D:6      | Identified the +8 whip "Doithreck" {antimagic, rElec Int+4}
  5134 | D:7      | Noticed Maggie
  5145 | D:7      | Killed Maggie
  5146 | D:7      | Reached skill level 11 in Unarmed Combat
  5449 | D:7      | Noticed a gargoyle
  5458 | D:7      | Killed a gargoyle
  5459 | D:7      | Reached skill level 12 in Unarmed Combat
  5459 | D:7      | Reached XP level 10. HP: 67/102 MP: 9/9
  5461 | D:7      | Noticed a cyclops
  5473 | D:7      | HP: 5/102 [slime creature (13)]
  5582 | D:7      | Noticed Joseph
  5604 | D:7      | Killed Joseph
  5693 | D:7      | Found Lubearoi's Book Emporium.
  5788 | D:7      | Killed a cyclops
  5872 | D:7      | HP: 5/104 [something (7)]
  5872 | D:7      | Killed from afar by a steam dragon

Illustrated notes

Levels and vault maps discovered:
D:1:      nicolae_arrival_washed_ashore, layout_basic, minmay_tetromino_o2
D:2:      layout_basic
D:3:      layout_loops_corners, cheibrodos_sewer_entry_sluice, uniq_ijyb
D:4:      layout_basic, minmay_temple_entry_mini_moons, uniq_blork_the_orc,
          uniq_edmund
D:5:      layout_basic, uniq_grinder, uniq_prince_ribbit1,
          uniq_crazy_yiuf_cottage, uniq_duvessa
D:6:      layout_basic, grunt_temple_overflow_open, minmay_unpleasant_kobolds,
          uniq_eustachio
D:7:      minmay_the_grid_square_5x5_3x3
          [minmay_the_grid_square_5x5_eight_small,
          minmay_the_grid_square_5x5_one_wall, minmay_the_grid_square_5x5_six,
          minmay_the_grid_square_5x5_minivault,
          minmay_the_grid_square_5x5_megaprize_checkered,
          minmay_the_grid_square_5x5_inner_i, minmay_the_grid_square_5x5_comb,
          minmay_the_grid_square_5x5_broken_cross,
          minmay_the_grid_square_5x5_two_small], layout_basic, serial_shops,
          kennysheep_mini, minmay_ruffians, uniq_maggie, uniq_joseph
Temple:   eino_temple_rhombus

Skill      XL: |  1  2  3  4  5  6  7  8  9 |
---------------+----------------------------+-----
Unarmed Combat | 4 5 7 8 10 12 | 12.6
Fighting       | 3 4 5 6 7 |  7.9
Dodging        | |  2.4
Stealth        | |  1.0

Action                   |  1- 3 |  4- 6 |  7- 9 | 10-12 || total
-------------------------+-------+-------+-------+-------++-------
Melee: Unarmed           |   101 |   185 |   260 |    43 ||   589
       Punch             |     1 |     1 |    12 |     3 ||    17
Invok: Lesser Servant of |       |       |       |     1 ||     1
  Use: Potion            |       |       |       |     4 ||     4
 Stab: Sleeping          |       |     2 |    14 |     2 ||    18
       Distracted        |       |       |       |     1 ||     1
Armor: Robe              |    44 |    44 |    58 |    17 ||   163
Dodge: Dodged            |    64 |    83 |   119 |    19 ||   285
